 Dungeon Crawl Stone Soup version 0.20-a0-544-g2b9a704 (webtiles) character file.

126 Dharzhak the Skirmisher (level 4, -4/40 HPs)
             Began as a Minotaur Fighter on Jan 31, 2017.
             Killed by divine providence
             ... invoked by an orc priest
              (13 damage)
             ... on level 3 of the Dungeon.
             The game lasted 00:05:27 (1880 turns).

Dharzhak the Skirmisher (Minotaur Fighter)          Turns: 1880, Time: 00:05:27

Health: -4/40      AC:  7    Str: 21    XL:     4   Next: 83%
Magic:  3/3        EV:  8    Int:  5    God:
Gold:   110        SH:  0    Dex: 10    Spells: 3/3 levels left

rFire    . . .     SeeInvis .   a - +0 war axe
rCold    . . .     Gourm    .   b - +0 scale mail
rNeg     . . .     Faith    .   c - +0 shield
rPois    .         Spirit   .   (helmet restricted)
rElec    .         Reflect  .   (no cloak)
rCorr    .         Harm     .   (no gloves)
MR       .....                  (no boots)
Stlth    ..........             (no amulet)
Regen    0.2/turn               (no ring)
                                (no ring)

@: confused
A: retaliatory headbutt, horns 2
a: no special abilities


You were on level 3 of the Dungeon.
You were very hungry.

You visited 1 branch of the dungeon, and saw 3 of its levels.

You collected 110 gold pieces.

Inventory:

Hand Weapons
 a - a +0 war axe (weapon)
Armour
 b - a +0 scale mail (worn)
 c - a +0 shield (worn)
Jewellery
 i - a cursed -2 ring of intelligence {unknown}
Scrolls
 e - a scroll of enchant armour {unknown}
 l - 2 scrolls of fog {unknown}
 m - 3 scrolls of identify {unknown}
 n - 3 scrolls of remove curse {unknown}
Potions
 d - a potion of might
 k - a potion of curing {unknown}
Comestibles
 f - 3 bread rations
 h - 2 meat rations
 j - a royal jelly


   Skills:
 + Level 4.3 Fighting
 + Level 4.3 Axes
 + Level 4.3 Armour
 + Level 0.9 Dodging
 + Level 4.3 Shields


You had 3 spell levels left.
You didn't know any spells.

Dungeon Overview and Level Annotations

Branches:
Dungeon (3/15)

Altars:
Elyvilon
Nemelex Xobeh

Annotations:
D:3 Sigmund


Innate Abilities, Weirdness & Mutations

You reflexively headbutt those who attack you in melee.
You have a pair of horns on your head.


Message History

You closely miss something. You headbutt something. You miss the orc priest.
You barely miss something. Something hits you.
* * * LOW HITPOINT WARNING * * *
Something completely misses you.
The orc priest hits you but does no damage.
You closely miss something. x2; You barely miss the orc priest.
Something hits you but does no damage.
You hear some strange, mumbled words.
You are more confused.
The orc priest hits you with a hand axe.
* * * LOW HITPOINT WARNING * * *
Something hits you but does no damage.
You hear some strange, mumbled words.
Something tries to affect you, but you resist.
Unknown command.
You barely miss something. You closely miss the orc priest.
You barely miss something.
The orc priest mumbles some strange prayers to Beogh against you.
Beogh smites you!
You die...

..#..)...#######
########.##########
............#.....#
########.##.#.....#
..........#.#.....#
###########.#.....#
#.....#....>#
###.#####...o)######
#...........@{......
#..........##{......
#..........# .......
###.######## .......
#######'### .......
#.........# .......
#.........# #######
#.........#
#.........#


You could see an orc priest.

Vanquished Creatures
  An orc wizard (D:3)
  A bullfrog skeleton (D:3)
  An adder (D:2)
  A worm (D:2)
  A dart slug (D:1)
  4 orcs (D:3)
  6 bats
  4 giant cockroaches (D:2)
  9 goblins
  5 hobgoblins
  5 kobolds
  2 quokkas (D:2)
  A ball python (D:1)
  A frilled lizard (D:2)
  9 rats
51 creatures vanquished.

Vanquished Creatures (others)
  A goblin (D:2)
1 creature vanquished.

Grand Total: 52 creatures vanquished

Notes
Turn   | Place    | Note
-------+----------+-------------------------------------------
     0 | D:1      | Dharzhak the Minotaur Fighter began the quest for the Orb.
     0 | D:1      | Reached XP level 1. HP: 19/19 MP: 0/0
   106 | D:1      | Reached XP level 2. HP: 21/27 MP: 1/1
   692 | D:2      | Reached XP level 3. HP: 33/33 MP: 2/2
   793 | D:2      | Found a white marble altar of Elyvilon.
   961 | D:2      | Found a sparkling altar of Nemelex Xobeh.
  1306 | D:3      | HP: 1/33 [orc wizard/magic dart (5)]
  1307 | D:3      | Reached XP level 4. HP: 1/40 MP: 3/3
  1865 | D:3      | Noticed Sigmund
  1880 | D:3      | Killed from afar by an orc priest

Vault maps used:
D:1:      dpeg_arrival_shelter, hangedman_decor_points
D:2:      nicolae_overflow_crystal_walls, first_bread, elyvilon_altar_4
D:3:      amethyst_killhole, uniq_terence, uniq_purgy, uniq_sigmund

Skill      XL: |  1  2  3 |
---------------+----------+-----
Axes           | 3 4 |  4.3
Armour         | 4 |  4.3
Fighting       | 4 |  4.3
Shields        | 4 |  4.3
Dodging        | |  0.9

Action                   |  1- 3 |  4- 6 || total
-------------------------+-------+-------++-------
Melee: War axe           |   102 |    18 ||   120
       Headbutt          |    17 |     5 ||    22
  Eat: Chunk             |     1 |     1 ||     2
Armor: Scale mail        |    60 |    16 ||    76
Dodge: Dodged            |    40 |     3 ||    43
Block: Shield            |    57 |     7 ||    64
